Cogmind - Beta 13 @@@ ROGUE MODE // 2024.04.02 @ 22:05:04 Player: BionicSandwich Result: Destroyed by UB-4T8(R) with Subdweller Machine Gun Performance ------------- Evolutions (0) 0 Regions Visited (3) 600 Robots Destroyed (28) 140 Value Destroyed (738) 738 Prototype IDs (2) 40 Alien Tech Used (0) 0 Bonus (0) 0 TOTAL SCORE: 1518 Bonus ------- None Cogmind --------- Core Integrity 0/250 Matter 154/300 Energy 98/100 System Corruption 0% Temperature Cool (0) Movement Core (250) Ox4 Location -10/Subcaves Parts ------- > --- POWER (1) -------- (None) > --- PROPULSION (2) --- (None) > --- UTILITY (2) ------ Medium Storage Unit Salvage Targeting Computer > --- WEAPON (2) ------- Light Cannon > --- INVENTORY (10) --- Subdweller Monowheel High-capacity Matter Pod (163) Salvage Targeting Computer Targeting Computer Light Assault Rifle Rocket Launcher Peak State ------------ > --- POWER ------------ Ion Engine > --- PROPULSION ------- Light Treads Light Treads > --- UTILITY ---------- Small Storage Unit Salvage Targeting Computer > --- WEAPON ----------- Light Assault Rifle Rocket Launcher > --- INVENTORY -------- Light Ion Engine Light Ion Engine Light Ion Engine Large Matter Pod Salvage Targeting Computer Light Assault Rifle Light Assault Rifle Rocket Launcher [Rating: 10] Favorites ----------- Power Light Ion Engine Engine Light Ion Engine Propulsion Light Treads Treads Light Treads Utility Salvage Targeting Computer Storage Medium Storage Unit Processor Salvage Targeting Computer Weapon Light Assault Rifle Ballistic Gun Light Assault Rifle Ballistic Cannon Light Cannon Launcher Rocket Launcher Build | -11 -10 -10 -10 ------- Run | Yrd Mat Min Sub Slots Evolved . | . . . . Power . | . . . . Propulsion . | . . . . Utility . | . . . . Weapon . | . . . . Parts Attached 17 | 6 4 3 4 Power 4 | 1 1 1 1 Engine 4 | 1 1 1 1 Core . | . . . . Reactor . | . . . . Propulsion 3 | 2 . 1 . Treads 3 | 2 . 1 . Leg . | . . . . Wheel . | . . . . Hover . | . . . . Flight . | . . . . Utility 3 | 1 2 . . Device . | . . . . Storage 2 | 1 1 . . Processor 1 | . 1 . . Hackware . | . . . . Protection . | . . . . Artifact . | . . . . Weapon 7 | 2 1 1 3 Energy Gun . | . . . . Energy Cannon . | . . . . Ballistic Gun 3 | 2 . 1 . Ballistic Cannon 1 | . . . 1 Launcher 3 | . 1 . 2 Special Weapon . | . . . . Impact Weapon . | . . . . Slashing Weapon . | . . . . Piercing Weapon . | . . . . Special Melee Weapon . | . . . . Unidentified Prototypes . | . . . . Parts Lost 8 | . . 1 7 Power 3 | . . 1 2 Propulsion 2 | . . . 2 Utility . | . . . . Weapon 3 | . . . 3 Highest Loss Streak 5 | . . 1 5 To Critical Strikes . | . . . . Average Slot Usage (%) 94 | . 98 99 87 Engine 13 | . 14 13 13 Treads 24 | . 28 28 17 Storage 14 | . 14 14 14 Processor 13 | . 12 14 14 Ballistic Gun 14 | . 15 13 13 Launcher 13 | . 12 14 13 Naked Turns . | . . . . Heaviest Build 20 | 12 20 18 18 Greatest Support 40 | 40 40 40 40 Greatest Overweight (x) 4 | . . . 4 Average Overweight (x) . | . . . . Largest Inventory Capacity 10 | 8 10 10 10 Average Capacity 9 | 6 8 10 10 Most Carried 10 | 4 9 10 8 Average Carried 7 | 1 7 7 7 Final Capacity 10 | 8 10 10 10 Final Carried 8 | 1 8 7 6 Class Distribution -------------------- 100% | Mutant Dominant Class ---------------- Mutant | -10/Materials Mutant | -10/Mines Mutant | -10/Subcaves Resources | -11 -10 -10 -10 ----------- Run | Yrd Mat Min Sub Matter Collected 643 | 198 175 35 235 Remotely . | . . . . Salvage Created 678 | . 249 100 329 Parts 65 | . 24 12 29 Haulers Intercepted . | . . . . Recyclers Shooed 1 | . 1 . . Parts Field Recycled . | . . . . Retrieved Matter . | . . . . Parts Self-Destructed 10 | . . . 10 Prevented . | . . . . Kills | -11 -10 -10 -10 ------- Run | Yrd Mat Min Sub Combat Hostiles Destroyed 27 | . 9 6 12 Guns 13 | . 5 6 2 AOE 14 | . 4 . 10 Classes Destroyed 5 | . 2 1 2 Worker 1 | . . 1 . Swarmer 11 | . 3 6 2 Grunt 6 | . 6 . . Artisan 1 | . . . 1 Subdweller 10 | . . . 10 Best Kill Streak 4 | . 4 3 3 Combat Bots Only 4 | . 4 3 3 Max Kills in Single Turn 2 | . 2 1 2 Gunslinging . | . . . . Exploded 2 | . 2 . 2 Melee . | . . . . Uniques/NPCs Destroyed . | . . . . Combat | -11 -10 -10 -10 -------- Run | Yrd Mat Min Sub Hostile Shots Fired 133 | . 23 52 58 Missed 33 | . 5 11 17 Damage Taken 1314 | . 204 323 787 Core 262 | . 31 25 206 Absorbed by Shields . | . . . . Core Remaining (%) 100 | 100 . . . Volleys Fired 90 | . 24 25 41 Largest 2 | . 2 1 2 Hottest 66 | . 40 20 66 Shots Fired 111 | . 33 25 53 Gun 71 | . 30 25 16 Cannon 10 | . . . 10 Launcher 30 | . 3 . 27 Special . | . . . . Kinetic 81 | . 30 25 26 Thermal . | . . . . Explosive 30 | . 3 . 27 Electromagnetic . | . . . . Robot Hit Streak 16 | . 15 16 7 Robot Miss Streak 4 | . 3 4 2 Penetration Max . | . . . . Secondary Targets . | . . . . Shots Hit Robots 69 | . 24 15 30 Core Hits 51 | . 20 6 25 Critical Kills . | . . . . Critical Parts Destroyed . | . . . . Critical Strikes . | . . . . Melee Attacks . | . . . . Impact . | . . . . Slashing . | . . . . Piercing . | . . . . Sneak Attacks . | . . . . Combat Hostiles . | . . . . Follow-up Attacks . | . . . . Damage Inflicted 1872 | . 431 154 1287 Guns 390 | . 178 138 74 Cannons 130 | . . . 130 Explosions 1331 | . 248 . 1083 Melee . | . . . . Ramming 21 | . 5 16 . Kinetic 520 | . 178 138 204 Thermal . | . . . . Explosive 1331 | . 248 . 1083 Electromagnetic . | . . . . Impact . | . . . . Slashing . | . . . . Piercing . | . . . . Highest Corruption . | . . . . Average Corruption . | . . . . Corruption Purged . | . . . . Corruption Blocked . | . . . . Overload Shots . | . . . . Overflow Damage 4 | . 1 . 3 Projectiles . | . . . . Explosions 4 | . 1 . 3 Melee . | . . . . Knockbacks 1 | . . . 1 Impact . | . . . . Kinetic 1 | . . . 1 Secondary . | . . . . Self-Inflicted Damage 81 | . . . 81 Shots 4 | . . . 4 Rammed 7 | . 2 5 . Targets Rammed 8 | . 2 6 . Kicked . | . . . . Crushed 1 | . . 1 . Highest Temperature 9 | . 9 . . Average Temperature 7 | . 7 . . Received Heat Transfer 159 | . 63 . 96 Siege Activations . | . . . . Robots Corrupted . | . . . . Combat Hostiles . | . . . . Parts Fried . | . . . . Impact Corruptions . | . . . . Robots Melted . | . . . . Combat Hostiles . | . . . . Parts Melted . | . . . . Heat Transferred . | . . . . Parts Sabotaged . | . . . . Parts Stolen . | . . . . Parts Stripped . | . . . . Power Chain Reactions . | . . . . Alert | -11 -10 -10 -10 ------- Run | Yrd Mat Min Sub Peak Influence 213 | . 213 77 . Initial 2 | . . 2 . Average 46 | . 54 42 . Maximum Alert Level 1 | . 1 . . Low Security (%) 97 | 100 96 100 . Level 1 2 | . 3 . . Level 2 . | . . . . Level 3 . | . . . . Level 4 . | . . . . Level 5 . | . . . . High Security . | . . . . Max Security . | . . . . Squads Dispatched 2 | . 2 . . Investigation 1 | . 1 . . Extermination . | . . . . Reinforcement 1 | . 1 . . Assault . | . . . . Garrison . | . . . . Intercept . | . . . . Searches Triggered . | . . . . Construction Impeded . | . . . . Haulers Reinforced . | . . . . Active Scanning Responses . | . . . . Cargo Convoy Interrupts . | . . . . Stealth | -11 -10 -10 -10 --------- Run | Yrd Mat Min Sub Distress Signals . | . . . . Communications Jammed . | . . . . Distress Signals . | . . . . Times Spotted 52 | . 10 6 36 Peak Tracking Total 8 | . 3 3 8 Tactical Retreats 1 | . . . 1 Traps | -11 -10 -10 -10 ------- Run | Yrd Mat Min Sub Traps Triggered 1 | . 1 . . Indirectly . | . . . . Trap Hack Attempts . | . . . . Triggered . | . . . . Disarmed . | . . . . Reprogrammed 1 | . 1 . . Reused 1 | . 1 . . Traps Extracted . | . . . . Installed . | . . . . Triggered 1 | . 1 . . Machines | -11 -10 -10 -10 ---------- Run | Yrd Mat Min Sub Machines Disabled 3 | . 1 . 2 Max in Single Turn 2 | . 1 . 2 Machines Repaired . | . . . . Machines Dismantled . | . . . . Machines Sabotaged . | . . . . Overloaded Fab Kills . | . . . . Hacking | -11 -10 -10 -10 --------- Run | Yrd Mat Min Sub Machines Accessed 5 | . 5 . . Terminals 4 | . 4 . . Fabricators . | . . . . Repair Stations . | . . . . Recycling Units 1 | . 1 . . Scanalyzers . | . . . . Garrison Access . | . . . . Total Hacks 11 | . 11 . . Successful 7 | . 7 . . Failed 4 | . 4 . . Catastrophic . | . . . . Database Lockouts . | . . . . Manual . | . . . . Terminals 9 | . 9 . . Fabricators . | . . . . Repair Stations . | . . . . Recycling Units 2 | . 2 . . Scanalyzers . | . . . . Garrison Access . | . . . . Terminal Hacks 6 | . 6 . . Record 1 | . 1 . . Prototype ID Bank 2 | . 2 . . Reprogram Traps 1 | . 1 . . Hauler Manifests 1 | . 1 . . Registered Components 1 | . 1 . . Fabricator Hacks . | . . . . Repair Station Hacks . | . . . . Recycling Unit Hacks 1 | . 1 . . Retrieve Matter 1 | . 1 . . Scanalyzer . | . . . . Garrison Access Hacks . | . . . . Unauthorized Hacks . | . . . . Terminals . | . . . . Fabricators . | . . . . Repair Stations . | . . . . Recycling Units . | . . . . Scanalyzers . | . . . . Garrison Access . | . . . . Data Cores Recovered . | . . . . Used . | . . . . Hacking Detections 4 | . 4 . . Full Trace Events 1 | . 1 . . Feedback Events . | . . . . Feedback Blocked . | . . . . Robot Schematics Acquired . | . . . . Robots Built . | . . . . Authchips . | . . . . Time . | . . . . Total Robot Build Rating . | . . . . Part Schematics Acquired . | . . . . Parts Built . | . . . . Authchips . | . . . . Time . | . . . . Total Part Build Rating . | . . . . Parts Repaired . | . . . . Time . | . . . . Parts Recycled . | . . . . Recycled Matter . | . . . . Retrieved Matter 140 | . 140 . . Retrieved Components . | . . . . Parts Scanalyzed . | . . . . Part Schematics Acquired . | . . . . Parts Damaged . | . . . . Bothacking | -11 -10 -10 -10 ------------ Run | Yrd Mat Min Sub Used RIF Installer . | . . . . Robots Hacked . | . . . . Non-combat . | . . . . Combat . | . . . . Robot Hacks Applied . | . . . . Relay Couplers Released . | . . . . Fabnet Peak Effective % . | . . . . Robots Rewired . | . . . . Allies Hacked . | . . . . Hacks Repelled . | . . . . Allies | -11 -10 -10 -10 -------- Run | Yrd Mat Min Sub Total Allies . | . . . . Largest Group . | . . . . Highest-Rated Group . | . . . . Highest-Rated Ally . | . . . . Total Orders . | . . . . Ally Attacks . | . . . . Total Damage . | . . . . Kills . | . . . . Allies Corrupted . | . . . . Allies Melted . | . . . . Intel | -11 -10 -10 -10 ------- Run | Yrd Mat Min Sub Robot Analysis Total . | . . . . Derelict Logs Recovered 2 | . . . 2 Drone Launches . | . . . . Drone Recoveries . | . . . . Exploration | -11 -10 -10 -10 ------------- Run | Yrd Mat Min Sub Turns Passed 2660 | 81 918 760 901 Spaces Moved 1409 | 49 427 432 501 Core 9 | 8 . . 1 Treads 1400 | 41 427 432 500 Legs . | . . . . Wheels . | . . . . Hover . | . . . . Flight . | . . . . Fastest Speed 50 | 50 160 160 160 Average Speed 159 | 142 160 160 160 Slowest Speed 250 | 160 160 160 250 Overloaded Moves . | . . . . Propulsion Burnouts . | . . . . Robots Hopped . | . . . . Cave-ins Triggered . | . . . . Exploration Rate (%) 41 | 3 60 78 26 Regions Visited 3 Branch Regions 2 Pre-discovered Areas . | . . . . Known Exits Taken . | . . . . Unknown Exits Taken 3 | 1 1 1 . Scrap Searched 2 | . . 1 1 Spaces Dug 34 | . . . 34 Terrain Destroyed 221 | . 16 . 205 Melee . | . . . . Projectile . | . . . . AOE 221 | . 16 . 205 Terrain Rammed . | . . . . Walls Destroyed . | . . . . Machines Disabled . | . . . . Actions | -11 -10 -10 -10 --------- Run | Yrd Mat Min Sub Total 1726 | 61 635 478 552 Wait 171 | . 164 7 . Move 1406 | 48 426 431 501 Hop . | . . . . Pick Up 25 | 7 11 3 4 Fast Attach . | . . . . Attach 14 | 6 3 2 3 Detach 1 | . 1 . . Swap 3 | . 1 1 1 Drop 8 | . 3 3 2 Fire 90 | . 24 25 41 Melee . | . . . . Ram . | . . . . Kick . | . . . . Crush 8 | . 2 6 . Escape Stasis . | . . . . Rewire . | . . . . Trap . | . . . . Miscellaneous . | . . . . Route ------- -11/Scrapyard -10/Materials (discovered 3 exits: [*Mat] / [*Min x2]) -10/Mines -10/Subcaves (discovered 2 exits: Mat / *Rec) History --------- Turn | Location | Event 5 | -11/Scrapyard | Discovered new exit (range 13) 82 | -11/Scrapyard | Entered Materials 312 | -10/Materials | Build established: Mutant 631 | -10/Materials | Discovered new exit (range 3) 726 | -10/Materials | Discovered new exit (range 16) 921 | -10/Materials | Discovered new exit (range 8) 1000 | -10/Materials | Entered Mines 1478 | -10/Mines | Discovered new exit (range 9) 1583 | -10/Mines | Received a Rocket Launcher from a helpful Derelict 1760 | -10/Mines | Entered Subcaves 1764 | -10/Subcaves | Identified exit to Materials 1792 | -10/Subcaves | Identified exit to Recycling 2153 | -10/Subcaves | Ambushed by Subdweller buried in earth 2154 | -10/Subcaves | Ambushed by angry Subdweller bent on revenge 2456 | -10/Subcaves | Ambushed by Subdweller buried in earth 2620 | -10/Subcaves | A Subdweller sparked back to life 2623 | -10/Subcaves | Core integrity fell below 50% 2629 | -10/Subcaves | Ambushed by Subdweller buried in earth 2654 | -10/Subcaves | Core integrity fell below 20% 2661 | -10/Subcaves | Destroyed by UB-4T8(R) with Subdweller Machine Gun Last Messages --------------- Lgt. Assault Rifle destroyed. Subatomizers dissect the Lgt. Ion Engine. Lgt. Assault Rifle fries itself beyond repair. 59-V33(R) destroyed. Autobeam Turret destroyed. UB-4T8(R): "THANKSYOU!" Lgt. Ion Engine fries itself beyond repair. The unstable cave ceiling collapses. S-10 Pest destroyed. QI-EOH(R): "SUBSUUUUUB!" QI-EOH(R) destroyed. Subatomizers dissect the Flight Unit. The unstable cave ceiling collapses. Lgt. Assault Rifle fries itself beyond repair. Flight Unit fries itself beyond repair. Lgt. Treads destroyed. Rocket Launcher destroyed. Subatomizers dissect the Sub. Optics. The unstable cave ceiling collapses. UB-4T8(R) knocked back. Map ----- +----------------------------------------------------+ | ????????????????????## "" #??????????????? | | ?????????????????????## " #??????????????? | | ??????????????????????#### #??????????????? | | ????????????????????????## ##??????????????? | | ???????????????????????## #???????????????? | | ???????????????????????# #???????????????? | | ???????????????????????### #???????????????? | | ????????????????????????## #???????????????? | | ????????????????????????# ##??????????????? | | ????????????????????????# #??????????????? | | ????????????????????????## #??????????????? | | ?????????????????????#?### ##?????????????? | | ???????????????????## ## #?????????????? | | ???????????????????? #?????????????? | | ???????????????????? ###?????????????? | | ????????????????????# # #???????????????? | | ?????????????????????# ## ##??????????????? | | ????????????????????# #??????????????? | | ?????????????????#### [% # #??????????????? | | ?????????????????# ! ##??????????????? | | ???????????????# #< #???????????????? | | ???????????????# #???????????????? | | ???????????????# #" # ## # # #??????????????? | | ?????????????? ?## # # # ###??????????????? | | ???????????????????# #????????????????? | | ???????????????????# @ ##???????????????? | | ????????????????##?# ### #???????????????? | | ??????????????###""# % #???????????????? | | ??????????????# # R ###??????????????? | | ?????????????# ;; %;"#??????????????? | | ????????????# ##; "#??????????????? | | ???????????? "" " # ;;#??????????????? | | ???????????# " [ ;#??????????????? | | ???????????? % ;;#??????????????? | | ????????????# ;#??????????????? | | ????????????# = ; ;#??????????????? | | ????????????##" R #??????????????? | | ?????????????#"" ###??????????????? | | ??????????????## > " ???????????????? | | ???????????????####" #???????????????? | | ??????????????????#### * R #???????????????? | | ????????????????????? #"%* "???????????????? | | ?????????????????????## = " ???????????????? | | ?????????????????????? & "#???????????????? | | ?????????????????????? "#???????????????? | | ?????????????????????? ##???????????????? | | ??????????????????????? "?????????????????? | | ??????????????????????? ? ?????????????????? | | ???????????????????????? ???????????????????? | | ????????????????????????????????????????????? | +----------------------------------------------------+ Best States ------------- Heat Dissipation 25 Energy Generation 10 Energy Capacity 250 Matter Stores 300 Matter Capacity 300 Sight Range 16 Terrain Scan Density 10 Evasion (%) 40 Recoil Reduction 2 Salvage Targeting 1 Item Schematics ----------------- None Robot Schematics ------------------ None Fabricated ------------ Nothing Alien Tech Used ----------------- None Achievements -------------- None Challenges ------------ None Game ------ Seed TargetAssemblySource Manual? 0 Play Time 00:19:53 Cumulative 4.0 hours Start 2024.04.02 @ 21:48:17 End 2024.04.02 @ 22:05:04 Sessions 1 Manual Loads 0 Difficulty Rogue Special Mode None Game No. 15 Rogue 15 Adventurer 0 Explorer 0 Win Type - Total 0 Types 0/0/0/0/0/0/0/0/0 Lore% 7 Gallery% 10 Achievement% 10 Wizard Run 0 Options --------- Layout 1 ASCII 0 Keyboard 0 Movement Mouse Keybinds 0 Fullscreen 1 Font 48/Smallcaps Map View 50x35 Zoom Use 0% Tactical HUD 0 Map Filters NONE Filters NONE Steam 1 RUN: c6925c99-129f-4dcf-b41c-615cc68468bd